 Dungeon Crawl Stone Soup version 0.18-a0-775-g4d9e04e (webtiles) character file.

48 4thArraOfDagon the Chopper (level 3, 0/33 HPs)
             Began as a Hill Orc Berserker on Dec 13, 2015.
             Was a Follower of Trog.
             Slain by Duvessa
             ... wielding a +0 rapier
              (5 damage)
             ... on level 5 of the Dungeon.
             The game lasted 00:01:55 (478 turns).

4thArraOfDagon the Chopper (Hill Orc Berserker)      Turns: 478, Time: 00:01:55

Health: 0/33       AC:  4    Str: 20      XL:     3   Next: 72%
Magic:  3/3        EV: 12    Int: 12      God:    Trog [*.....]
Gold:   54         SH:  0    Dex:  9 (10) Spells: 0 memorised, 2 levels left

rFire  . . .     SeeInvis .     a - +0 hand axe
rCold  . . .     Clarity  .     b - +0 animal skin
rNeg   . . .     SustAt   .     (no shield)
rPois  .         Gourm    .     (no helmet)
rElec  .         Spirit   .     (no cloak)
rCorr  .         Dismiss  .     (no gloves)
rMut   .         Stasis   .     (no boots)
MR     .....                    (no amulet)
Stlth  +.........               (no ring)
                                (no ring)

@: confused, brilliant, not resistant to hostile enchantments, very unstealthy
A: slimy green scales 1, blurry vision 1, deterioration 1
a: Berserk, Burn Spellbooks, Renounce Religion


You were on level 5 of the Dungeon.
You worshipped Trog.
Trog was aware of your devotion.
You were hungry.

You visited 1 branch of the dungeon, and saw 5 of its levels.

You collected 54 gold pieces.

Inventory:

Hand Weapons
 a - a +0 hand axe (weapon)
Armour
 b - a +0 animal skin (worn)
Scrolls
 e - a scroll of noise {unknown}
 f - a scroll of remove curse {unknown}
 g - a scroll of teleportation {unknown}
 i - 2 scrolls of identify {unknown}
 k - a scroll of amnesia {unknown}
Books
 j - a book of Enchantments

   Spells                             Type                      Level
   a - Cause Fear                     Hexes                        4
   b - Yara's Violent Unravelling     Hexes/Transmutation          5
   c - Silence                        Hexes/Air                    5
   d - Deflect Missiles               Charms/Air                   6
   e - Haste                          Charms                       6
   f - Discord                        Hexes                        8
   Trog disapproves of the use of such an item.
Comestibles
 c - 2 bread rations


   Skills:
 + Level 4.2 Fighting
 * Level 5.0 Axes
 + Level 2.9 Armour
 - Level 1.5 Dodging


You had 2 spell levels left.
You didn't know any spells.

Dungeon Overview and Level Annotations

Branches:
Dungeon (5/15)
 Temple: D:4-7

Altars:
Sif Muna

Annotations:
D:3 4thArraOfDagon's ghost, weakling HOBe
D:5 Dowan; Duvessa


Innate Abilities, Weirdness & Mutations

You are partially covered in slimy green scales (AC +2).
Scrolls take you a little longer to read.
Your body sometimes deteriorates upon taking damage.


Message History

Unknown command.
Drink which item? (? for menu, Esc to quit)
It was a potion of ambrosia.
You are confused.
You feel invigorated.
The worker ant bites you but does no damage.
Unknown command.
You bump into the rock wall.
Duvessa hits you with a rapier.
Your body deteriorates!
You feel clumsy. The worker ant barely misses you.
Duvessa hits you with a rapier!
Unknown command.
You miss Dowan. You hit the worker ant.
The worker ant is moderately wounded.
You hit the ice beast.
The ice beast is lightly wounded.
You closely miss Duvessa. The worker ant bites you. The ice beast hits you.
The ice beast freezes you!
* * * LOW HITPOINT WARNING * * *
Duvessa hits you with a rapier.
You die...

.. .. .. ... ...##.?
#.# .. ...#
...#.###.####...
..... ...........#..
##...# ##............
#.....##...#.......#
............#......#
.....(e##...#......#
......e@a.......<..#
#.....Y####....###.#
....... #...#..# #
...........#..#....
..........a##...#..#
.....%..... ..#.#...
.....#.....#........
..####.......##......
....(. #...


You could see Duvessa, an ice beast, Dowan and a worker ant.

Vanquished Creatures
  Natasha (D:4)
  An adder (D:2)
  A giant gecko (D:1)
  2 bats (D:1)
  A giant cockroach (D:4)
  4 goblins (D:2)
  2 hobgoblins
  3 rats
15 creatures vanquished.

Notes
Turn   | Place    | Note
--------------------------------------------------------------
     0 | D:1      | 4thArraOfDagon the Hill Orc Berserker began the quest for the Orb.
     0 | D:1      | Reached XP level 1. HP: 19/19 MP: 1/1
   172 | D:2      | Reached XP level 2. HP: 27/27 MP: 2/2
   356 | D:3      | Noticed 4thArraOfDagon's ghost (weakling HOBe)
   373 | D:3      | Found a deep blue altar of Sif Muna.
   388 | D:4      | Noticed Natasha
   404 | D:4      | Killed Natasha
   404 | D:4      | Reached skill level 5 in Axes
   404 | D:4      | Reached XP level 3. HP: 20/33 MP: 3/3
   464 | D:5      | Entered Level 5 of the Dungeon
   472 | D:5      | Noticed Duvessa
   472 | D:5      | Noticed Dowan
   472 | D:5      | Noticed an ice beast
   475 | D:5      | Gained mutation: Your body sometimes deteriorates upon taking damage. [potion of mutation]
   475 | D:5      | Gained mutation: You are partially covered in slimy green scales (AC +2). [potion of mutation]
   475 | D:5      | Gained mutation: Scrolls take you a little longer to read. [potion of mutation]
   478 | D:5      | Slain by Duvessa

Vault maps used:
D:1:      kilobyte_arrival_exit_the_forest, minmay_misc_feat_five,
          lemuel_flame_loot_1
D:2:      yredelemnul_forgotten_temple_becter, first_bread
D:3:      old_standard_altar, serial_glass, glass_columns_c, glass_columns_b,
          glass_columns_a, nemelex_spade_bored_becter
D:4:      lemuel_coloured_pillars_altar, minmay_temple_entry_trees,
          uniq_eustachio, uniq_natasha
D:5:      kennysheep_little_box, nicolae_overflow_hidden_temple, serial_glass,
          glass_columns_a, glass_columns_a, uniq_duvessa, uniq_menkaure

Action                   || total
-------------------------++-------
Melee: Hand axe          ||    53
Invok: Berserk           ||     2
  Use: Potion            ||     3
